 Dungeon Crawl Stone Soup version 0.26-a0-651-gb41185065b (webtiles) character file.

Game seed: 10675220968870021741

2556848 SnubMonkey the Conqueror (level 27, 273/273 HPs)
             Began as a Ghoul Fighter on Oct 21, 2020.
             Was the Champion of Makhleb.
             Escaped with the Orb
             ... and 4 runes on Oct 22, 2020!
             The game lasted 02:46:59 (64419 turns).

SnubMonkey the Conqueror (Ghoul Fighter)           Turns: 64419, Time: 02:47:00

Health: 273/273    AC: 57    Str: 28    XL:     27
Magic:  42/42      EV: 16    Int:  8    God:    Makhleb [******]
Gold:   6087       SH: 34    Dex: 10    Spells: 26/26 levels left

rFire    + + .     SeeInvis .   a - +9 broad axe (elec)
rCold    + + +     Faith    .   h - +0 tower shield "Bom Duir" {MP+9}
rNeg     + + +     Spirit   +   k - +12 gold dragon scales
rPois    ∞         Reflect  .   D - +2 helmet
rElec    +         Harm     .   q - +4 dragonskin cloak
rCorr    .         Rampage  .   M - +2 pair of gloves {Str+3}
MR       +++..                  Q - +0 pair of boots of Zin's Inspiration {Dex+4}
Stlth    ..........             P - brooch of Shielding {Spirit SH+8}
HPRegen  0.55/turn              d - ring "Nuetajupp" {+Fly rElec rPois EV+4}
MPRegen  0.28/turn              T - ring "Boreomas" {rPois MR+ AC+4 Dex-5}

@: no status effects
A: rotting body, claws 1, cold resistance 1, negative energy resistance 3,
inhibited regeneration, torment resistance, unbreathing
0: Orb of Zot
}: 4/15 runes: serpentine, barnacled, slimy, silver
a: Minor Destruction, Lesser Servant of Makhleb, Major Destruction, Greater
Servant of Makhleb, Renounce Religion, Evoke Flight


You escaped.
You worshipped Makhleb.
Makhleb was exalted by your worship.
You visited 11 branches of the dungeon, and saw 57 of its levels.
You also visited: Trove, Gauntlet, Ice Cave, Volcano and Desolation.

You collected 12047 gold pieces.
You spent 5960 gold pieces at shops.

Inventory:

Hand Weapons
 a - a +9 broad axe of electrocution (weapon)
 b - the +1 broad axe of Pulykh {antimagic, rElec rC++}
   (You found it on level 1 of the Vaults)

   It reduces the magical energy of the wielder, and disrupts the spells and
   magical abilities of those hit.
   Natural abilities and divine invocations are not affected.
   It greatly protects you from cold.
   It insulates you from electricity.
Missiles
 f - 25 throwing nets (quivered)
 A - 128 silver javelins
Armour
 h - the +0 tower shield "Bom Duir" (worn) {MP+9}
   (You bought it in a shop on level 8 of the Dungeon)

   It affects your magic capacity (+9).
 k - +12 gold dragon scales (worn)
 p - a scarf of invisibility
 q - the +4 dragonskin cloak (worn)
   (You took it off Tiamat on level 1 of the Realm of Zot)
 D - a +2 helmet (worn)
 M - a +2 pair of gloves of strength (worn)
 Q - the +0 pair of boots of Zin's Inspiration (worn) {Dex+4}
   (You bought it in a shop on level 1 of the Depths)

   It affects your dexterity (+4).
Jewellery
 d - the ring "Nuetajupp" (left hand) {+Fly rElec rPois EV+4}
   (You found it on level 3 of the Shoals)

   [ring of evasion]

   It affects your evasion (+4).
   It insulates you from electricity.
   It protects you from poison.
   It lets you fly.
 t - an uncursed ring of resist corrosion
 y - the ring of Irat {rC++ Int+6 Dex+6}
   (You found it on level 2 of the Depths)

   [ring of dexterity]

   It affects your intelligence (+6).
   It affects your dexterity (+6).
   It greatly protects you from cold.
 B - the ring of Ocetiu Suhu {rN+ Int+6 Dex+2 SInv Stlth+}
   (You found it on level 13 of the Dungeon)

   [ring of intelligence]

   It affects your intelligence (+6).
   It affects your dexterity (+2).
   It protects you from negative energy.
   It lets you see invisible.
   It makes you more stealthy.
 J - the ring "Mougun" {rF+ rN+ AC+4 Slay+3}
   (You took it off a deep elf elementalist on level 3 of the Elven Halls)

   [ring of protection]

   It affects your AC (+4).
   It affects your accuracy and damage with ranged weapons and melee attacks
   (+3).
   It protects you from fire.
   It protects you from negative energy.
 P - the brooch of Shielding (around neck) {Spirit SH+8}
   (You found it in a treasure trove)

   [amulet of guardian spirit]

   It causes incoming damage to be split between your health and magic.
   It affects your SH (+8).
 T - the ring "Boreomas" (right hand) {rPois MR+ AC+4 Dex-5}
   (You found it in a treasure trove)

   [ring of protection]

   It affects your AC (+4).
   It affects your dexterity (-5).
   It protects you from poison.
   It affects your resistance to hostile enchantments.
 X - the ring "Ywoj" {*Drain rElec rPois rF+++ rN+}
   (You found it on level 3 of the Crypt)

   [ring of positive energy]

   It renders you almost immune to fire.
   It insulates you from electricity.
   It protects you from poison.
   It protects you from negative energy.
   It causes draining when unequipped.
Wands
 x - a wand of iceblast (99)
 V - a wand of digging (18)
Scrolls
 e - 21 scrolls of teleportation
 g - 11 scrolls of fog
 j - 20 scrolls of remove curse
 m - 12 scrolls of fear
 n - 5 scrolls of torment
 o - 8 scrolls of magic mapping
 w - 4 scrolls of blinking
 z - 27 scrolls of identify
 F - 2 scrolls of silence
 H - 4 scrolls of immolation
 Z - 2 scrolls of summoning
Potions
 c - 3 potions of heal wounds
 l - 5 potions of magic
 s - 12 potions of curing
 u - 2 potions of haste
 v - 8 potions of flight
 G - 12 potions of ambrosia
 L - 6 potions of might
 R - 6 potions of cancellation
 S - 2 potions of resistance
 U - 2 potions of invisibility
Miscellaneous
 i - a tin of tremorstones (3/3)
 N - a condenser vane (2/2)
 W - a box of beasts (3/3)


   Skills:
 O Level 27 Fighting
 - Level 18.0 Axes
 + Level 23.9 Armour
 + Level 12.0 Dodging
 - Level 25.0 Shields
 - Level 15.0 Invocations
 + Level 8.6 Evocations


You had 26 spell levels left.
You didn't know any spells.
Your spell library contained the following spells:

 Spells                   Type           Power        Failure   Level
 Animate Skeleton         Necr           #.....       98%         1
 Apportation              Tloc           #.....       98%         1
 Corona                   Hex            #......      98%         1
 Foxfire                  Conj/Fire      #...         98%         1
 Freeze                   Ice            #...         98%         1
 Magic Dart               Conj           #...         98%         1
 Sandblast                Erth           #.....       98%         1
 Shock                    Conj/Air       #...         98%         1
 Sting                    Tmut/Pois      #...         98%         1
 Summon Small Mammal      Summ           #...         98%         1
 Blink                    Tloc           N/A          99%         2
 Call Imp                 Summ           #.......     99%         2
 Corpse Rot               Necr/Air       N/A          99%         2
 Ensorcelled Hibernation  Hex/Ice        #.....       99%         2
 Passwall                 Tmut/Erth      #.......     99%         2
 Poisonous Vapours        Pois/Air       #.....       99%         2
 Searing Ray              Conj           #.....       99%         2
 Slow                     Hex            #.......     99%         2
 Swiftness                Air            #.......     99%         2
 Call Canine Familiar     Summ           #.......     100%        3
 Confusing Touch          Hex            #.......     100%        3
 Conjure Flame            Conj/Fire      #.......     100%        3
 Dazzling Flash           Conj/Hex       #.....       100%        3
 Frozen Ramparts          Ice            #.....       100%        3
 Gell's Gravitas          Tloc           #.........   100%        3
 Ignite Poison            Fire/Tmut/Pois #.......     100%        3
 Inner Flame              Hex/Fire       #.......     100%        3
 Lesser Beckoning         Tloc           #.........   100%        3
 Mephitic Cloud           Conj/Pois/Air  #.......     100%        3
 Ozocubu's Armour         Ice            #.......     100%        3
 Portal Projectile        Hex/Tloc       #.....       100%        3
 Static Discharge         Conj/Air       #.......     100%        3
 Stone Arrow              Conj/Erth      #.....       100%        3
 Summon Guardian Golem    Hex/Summ       #.......     100%        3
 Teleport Other           Tloc           #.......     100%        3
 Tukima's Dance           Hex            #.......     100%        3
 Airstrike                Air            #.........   100%        4
 Cause Fear               Hex            #.........   100%        4
 Fulminant Prism          Conj/Hex       #.........   100%        4
 Hailstorm                Conj/Ice       #.......     100%        4
 Iskenderun's Mystic Bla  Conj/Tloc      #.......     100%        4
 Leda's Liquefaction      Hex/Erth       #.........   100%        4
 Olgreb's Toxic Radiance  Pois           #.......     100%        4
 Passage of Golubria      Tloc           N/A          100%        4
 Petrify                  Tmut/Erth      #.......     100%        4
 Sticky Flame             Conj/Fire      #.......     100%        4
 Summon Ice Beast         Ice/Summ       #.......     100%        4
 Summon Lightning Spire   Summ/Air       #.......     100%        4
 Alistair's Intoxication  Tmut/Pois      #........    100%        5
 Bolt of Magma            Conj/Fire/Erth #.........   100%        5
 Borgnjor's Vile Clutch   Necr/Erth      #.........   100%        5
 Fireball                 Conj/Fire      #.........   100%        5
 Iskenderun's Battlesphe  Conj           #.......     100%        5
 Lee's Rapid Deconstruct  Erth           #.........   100%        5
 Lightning Bolt           Conj/Air       #.........   100%        5
 Metabolic Englaciation   Hex/Ice        #.........   100%        5
 Silence                  Hex/Air        #.........   100%        5
 Summon Forest            Summ/Tloc      #.........   100%        5
 Yara's Violent Unravell  Hex/Tmut       #.........   100%        5
 Conjure Ball Lightning   Conj/Air       #.........   100%        6
 Dispersal                Tloc           #.........   100%        6
 Eringya's Noxious Bog    Tmut/Pois      #.........   100%        6
 Freezing Cloud           Conj/Ice/Air   #.........   100%        6
 Invisibility             Hex            #.......     100%        6
 Iron Shot                Conj/Erth      #.........   100%        6
 Shadow Creatures         Summ           N/A          100%        6
 Starburst                Conj/Fire      #.........   100%        6
 Malign Gateway           Summ/Tloc      #.........   100%        7
 Monstrous Menagerie      Summ           #.........   100%        7
 Orb of Destruction       Conj           #.........   100%        7
 Spellforged Servitor     Conj/Summ      #.........   100%        7
 Summon Greater Demon     Summ           #.........   100%        7
 Summon Hydra             Summ           #.........   100%        7
 Chain Lightning          Conj/Air       #.........   100%        8
 Disjunction              Tloc           #.........   100%        8
 Ignition                 Fire           #.........   100%        8
 Lehudib's Crystal Spear  Conj/Erth      #.........   100%        8
 Summon Horrible Things   Summ           #.........   100%        8
 Absolute Zero            Ice            #.........   100%        9
 Dragon's Call            Summ           #.........   100%        9
 Fire Storm               Conj/Fire      #.........   100%        9
 Shatter                  Erth           #.........   100%        9
 Tornado                  Air            #.........   100%        9
 Beastly Appendage        Tmut           Unusable     N/A         1
 Wereblood                Tmut           Unusable     N/A         2
 Spider Form              Tmut/Pois      Unusable     N/A         3
 Ice Form                 Ice/Tmut       Unusable     N/A         4
 Blade Hands              Tmut           Unusable     N/A         5
 Hydra Form               Tmut           Unusable     N/A         6
 Statue Form              Tmut/Erth      Unusable     N/A         6
 Dragon Form              Tmut           Unusable     N/A         7

Dungeon Overview and Level Annotations

Branches:
Dungeon (15/15)            Temple (0/1) D:5            Lair (6/6) D:8
 Shoals (4/4) Lair:2        Snake (4/4) Lair:2        Slime (5/5) Lair:6
    Orc (2/2) D:11            Elf (3/3) Orc:2        Vaults (5/5) D:14
  Crypt (3/3) Vaults:2       Tomb (0/3) Crypt:3      Depths (5/5) D:15
    Zot (5/5) Depths:5      IceCv (visited)         Volcano (visited)
Desolation (visited)      Gauntlet (visited)

Altars:
Ashenzari
Dithmenos
Elyvilon
Gozag
Hepliaklqana
Kikubaaqudgha
Makhleb
Nemelex Xobeh
Okawaru
Qazlal
Ru
Sif Muna
Uskayaw
Vehumet
Wu Jian
Xom
Yredelemnul
The Shining One
Beogh

Shops:
D:8 [   D:9 =   D:12 [   Orc:2 *(*?   Elf:1 =*?   Shoals:2 =   Vaults:1 *
Vaults:4 (   Depths:1 [*   Depths:2 *}

Portals:
Hell: Depths:1 Depths:2 Depths:3 Depths:4 Depths:5
Abyss: Lair:3 Depths:1 Depths:4
Pandemonium: Depths:1 Depths:3
Ziggurat: Depths:2

Annotations:
Snake:4 Roxanne


Innate Abilities, Weirdness & Mutations

Your body is rotting away.
You thrive by killing the living.
You are immune to poison.
You have sharp fingernails.
Your flesh is cold resistant. (rC+)
You are immune to negative energy. (rN+++)
You do not regenerate when monsters are visible.
You are immune to unholy pain and torment.
You can survive without breathing.


Message History

There is a stone staircase leading down here.
There is a stone staircase leading up here.
You climb upwards.
There is a stone staircase leading down here.
You see here a hand axe.
There is a stone staircase leading up here.
You climb upwards.
There is a stone staircase leading down here.
There is a stone staircase leading up here.
Things that are here:
a stone; a +0 dagger You climb upwards.
There is a stone staircase leading down here.
You see here a +0 dagger.
You see here a stone.
You see here a stone.
You see here a robe.
There is an open door here.
There is a staircase leading out of the dungeon here.
You have escaped!

#####....#.##.#
#.#....)..# #.
...........##.#
#........####.
#############.#
#...........'.
..............#
#........####.
###########.[##
#..####### #.
##.#######..# #.
#.#.....#..# #.
#.#.....#..# #.
#.'..@..+.###########.
###.....#......(.....#
#.....#.##########.#
#######.#......# #.#
#.#.####.# #.#
#.#....#.# #.#
#.####.#.###.#
#........#.#.#
######.###.#..


There were no monsters in sight!

Vanquished Creatures
  the Royal Jelly (Slime:5)
  Tiamat (Zot:1)
  Khufu (Crypt:2)
  3 orbs of fire (Zot:5)
  7 ancient liches
  A juggernaut (Depths:2)
  A greater mummy (Crypt:2)
  Sojobo (Depths:2)
  Boris (thrice) (Crypt:2 Crypt:3 Vaults:5)
  3 curse toes
  2 Killer Klowns (Zot:5)
  Frederick (Depths:3)
  10 golden dragons
  Nikola (Shoals:3)
  Jory (Crypt:3)
  the Enchantress (Depths:4)
  A profane servitor (Crypt:3)
  A bone dragon (Crypt:3)
  2 electric golems
  16 tentacled monstrosities
  26 Orb Guardians
  An Ice Fiend (Depths:1)
  7 liches
  4 deep elf blademasters
  3 titans (Vaults:5)
  5 quicksilver dragons
  26 acid blobs
  4 death cobs
  2 deep elf master archers (Elf:3)
  13 storm dragons
  Polyphemus (Shoals:3)
  4 sphinxes
  4 ancient champions
  Donald (Snake:4)
  Kirke (Lair:4)
  11 tengu reavers
  Agnes (Depths:3)
  7 nagarajas
  5 draconian monks
  8 shadow dragons
  2 revenants
  13 frost giants
  15 azure jellies
  An iron dragon (Vaults:5)
  9 fire giants
  A blood saint (D:10)
  2 orc warlords
  16 vault wardens
  A curse skull (Crypt:1)
  Aizul (Crypt:1)
  A balrug (Depths:1)
  6 draconian knights
  7 draconian scorchers
  An angel (Zot:3)
  An imperial myrmidon (Desolation)
  3 draconian shifters
  13 deep elf sorcerers
  6 deep elf elementalists (Elf:3)
  6 spriggan defenders
  A reaper (D:6)
  3 draconian stormcallers
  25 stone giants
  7 ghouls
  5 draconian annihilators
  20 very ugly things
  4 war gargoyles
  13 ironheart preservers
  16 vampire knights
  An entropy weaver (Vaults:3)
  3 halazid warlocks (Desolation)
  13 black draconians
  11 green draconians
  3 minotaurs
  6 deep elf demonologists
  8 red draconians
  14 yellow draconians
  13 spark wasps
  7 purple draconians
  12 white draconians
  8 deep elf annihilators (Elf:3)
  21 ettins
  A spark wasp (shapeshifter) (Vaults:5)
  2 crystal guardians (Desolation)
  7 merfolk javelineers
  2 blizzard demons (D:10)
  6 eidola
  14 deep elf death magi
  4 ragged hierophants (Desolation)
  12 death oozes
  Snorg (D:13)
  11 fire dragons
  18 jiangshi
  8 deep elf high priests (Elf:3)
  12 great orbs of eyes
  15 yaktaur captains
  10 merfolk impalers
  10 ice dragons
  11 peacekeepers
  7 hydras
  8 servants of whispers (Desolation)
  6 rakshasas
  11 naga warriors
  40 vault guards
  11 anacondas
  2 merfolk avatars
  2 catoblepae
  9 spriggan air magi
  9 merfolk aquamancers
  The ghost of emiel the Destroyer, a journeyman SpCj of Vehumet (Lair:3)
  3 alligator snapping turtles (Shoals:4)
  14 centaur warriors
  Erica (Lair:1)
  41 two-headed ogres
  3 satyrs
  26 dancing weapons
  9 death knights
  8 death yaks
  2 hell hogs
  7 deep troll shamans
  15 ogre magi
  4 tengu warriors
  12 deep troll earth magi
  2 orc high priests
  11 vampire magi
  12 naga sharpshooters
  5 shock serpents
  6 spriggan berserkers
  21 deep elf knights
  A sixfirhy (Lair:3)
  A storm dragon zombie (Crypt:3)
  6 shadow wraiths
  The ghost of Klosterheim the Covert, a novice NaIE of Cheibriados (D:8)
  2 iron trolls (Depths:5)
  2 hell knights
  44 skeletal warriors
  6 sea snakes
  4 small abominations
  2 unseen horrors
  2 gelid demonspawn
  2 sea snakes (shapeshifter)
  12 glowing orange brains
  A glowing orange brain (shapeshifter) (Depths:3)
  5 naga ritualists
  25 deep trolls
  18 deep elf archers
  6 flayed ghosts
  5 wizards
  3 anaconda skeletons
  A golden dragon skeleton (Depths:1)
  23 harpies
  A wolf spider zombie (D:15)
  42 ugly things
  24 ironbrand convokers
  4 large abominations
  A frost giant zombie (Crypt:1)
  10 phantasmal warriors
  9 orc knights
  A harpy (shapeshifter) (D:14)
  A shadow dragon skeleton (Crypt:1)
  4 fauns
  4 necromancers
  7 wolf spiders
  2 orc sorcerers
  65 deep elf magi
  4 shining eyes
  8 mana vipers
  11 cyclopes
  16 manticores
  A faun (shapeshifter) (Depths:5)
  9 elephants
  9 salamanders
  25 moths of wrath
  Maurice (D:13)
  A moth of wrath (shapeshifter) (Depths:3)
  A rust devil (Lair:3)
  15 vault sentinels
  A frost giant skeleton (Depths:1)
  3 guardian serpents
  10 water nymphs
  4 merfolk sirens
  2 black mambas (shapeshifter)
  2 ice statues (IceCv)
  40 black mambas
  A molten gargoyle (Desolation)
  5 eyes of devastation
  5 gargoyles (Volcano)
  A hellion (D:10)
  A centaur skeleton (D:14)
  A yellow draconian zombie (Crypt:2)
  13 naga magi
  14 cane toads
  A dire elephant skeleton (Crypt:2)
  2 yaktaurs (shapeshifter)
  Maggie (D:6)
  97 yaktaurs
  8 rime drakes
  6 komodo dragons
  10 freezing wraiths
  A hydra zombie (Crypt:2)
  9 ice devils (IceCv)
  A golden dragon simulacrum (Crypt:3)
  A troll (shapeshifter) (Depths:5)
  6 tengu conjurers
  A harpy zombie (Crypt:2)
  A red devil (Lair:3)
  14 trolls
  2 meliai (shapeshifter)
  5 polar bears (Lair:6)
  6 hornets
  A wind drake (shapeshifter) (Depths:1)
  A polar bear (shapeshifter) (Vaults:2)
  43 merfolk
  A blink frog (shapeshifter) (Depths:4)
  50 saltlings (Desolation)
  A harpy skeleton (Volcano)
  A snapping turtle (shapeshifter) (Vaults:5)
  79 slime creatures
  A tengu simulacrum (Vaults:1)
  8 snapping turtles
  2 dream sheep (shapeshifter)
  13 wind drakes
  9 blink frogs
  9 hippogriffs
  A fire giant simulacrum (Vaults:2)
  4 bog bodies (Crypt:2)
  3 air elementals
  A frost giant simulacrum (Crypt:3)
  9 dream sheep
  58 flying skulls
  An ice dragon skeleton (Depths:1)
  19 spriggans
  A spriggan (shapeshifter) (D:15)
  5 shadows
  A vampire (D:15)
  2 alligator skeletons (Volcano)
  A tarantella (Vaults:3)
  21 wraiths
  2 redbacks (Vaults:3)
  29 water elementals
  2 fire bats (Gauntlet)
  3 hogs
  52 yaks
  3 wyverns
  A human (shapeshifter) (Depths:3)
  2 hogs (shapeshifter)
  3 basilisks
  A fire elemental (Elf:3)
  A golden eye (shapeshifter) (Depths:1)
  3 vampire mosquitoes (D:13)
  A yaktaur simulacrum (Depths:1)
  4 steam dragons
  2 soldier ants
  5 wargs
  70 nagas
  An acid dragon (shapeshifter) (Vaults:5)
  A water nymph zombie (Crypt:1)
  A naga (shapeshifter) (Vaults:5)
  A hell hound (Gauntlet)
  11 water moccasins
  A merfolk skeleton (Crypt:1)
  10 porcupines
  A floating eye (Slime:4)
  A manticore zombie (Crypt:1)
  28 orc warriors
  4 black bears
  5 ice beasts
  2 ice beasts (shapeshifter)
  2 sky beasts
  A snapping turtle zombie (Crypt:2)
  2 black bears (shapeshifter)
  An eye of draining (shapeshifter) (Depths:3)
  3 eyes of draining
  An ettin simulacrum (Vaults:3)
  11 boggarts
  A lindwurm skeleton (Crypt:1)
  5 phantoms
  A wolf (shapeshifter) (Vaults:1)
  7 necrophages
  39 ogres
  25 wolves
  26 centaurs
  A tengu (shapeshifter) (Depths:3)
  14 crocodiles
  A komodo dragon zombie (Crypt:2)
  Blork the orc (D:6)
  An elf zombie (D:14)
  2 big kobolds (D:9)
  22 bullfrogs
  A gnoll sergeant (D:8)
  2 earth elementals
  A water moccasin zombie (D:7)
  3 scorpions
  3 spriggan skeletons (Volcano)
  23 killer bees
  22 wights
  2 troll skeletons (Volcano)
  5 howler monkeys
  2 electric eels
  A crimson imp (D:7)
  A wolf zombie (Crypt:2)
  6 centaur zombies
  A human simulacrum (Vaults:1)
  2 quasits
  2 draconian simulacra (IceCv)
  6 human zombies
  A gnoll shaman (D:7)
  6 hounds
  3 jellies
  29 orc wizards
  15 orc priests
  2 bullfrog skeletons
  An iron imp (Depths:3)
  Natasha (thrice) (D:2)
  Ijyb (D:3)
  10 worker ants
  A spriggan simulacrum (IceCv)
  3 troll simulacra (IceCv)
  A big kobold zombie (Crypt:2)
  A centaur simulacrum (IceCv)
  A naga skeleton (Volcano)
  2 hound skeletons
  3 mummies
  A worker ant zombie (D:7)
  Robin (D:3)
  15 adders
  22 gnolls
  A swamp drake zombie (Crypt:2)
  2 ogre simulacra (IceCv)
  A naga simulacrum (IceCv)
  2 white imps
  4 ufetubi
  4 oozes
  A lava snake zombie (Crypt:2)
  An adder skeleton (D:6)
  3 worms
  2 dart slugs (D:2)
  9 leopard geckos
  84 orcs
  A bat skeleton (Crypt:1)
  6 giant cockroaches
  18 goblins
  7 hobgoblins
  4 jackals
  6 quokkas
  8 bats
  5 frilled lizards
  A goblin skeleton (Crypt:2)
  A hobgoblin skeleton (Crypt:1)
  16 kobolds
  A leopard gecko zombie (D:8)
  An orc zombie (D:14)
  A quokka skeleton (D:8)
  6 rats
  A river rat skeleton (Crypt:1)
  6 crawling corpses
2858 creatures vanquished.

Vanquished Creatures (collateral kills)
  Rupert (Lair:3)
  A hydra (Lair:2)
  A skeletal warrior (Volcano)
  A manticore (D:10)
  A black mamba (Snake:1)
  A hippogriff (D:10)
  An ogre (D:10)
  A bullfrog (Lair:3)
  A wight (D:10)
  5 orcs (D:10)
  A jackal (D:10)
15 creatures vanquished.

Vanquished Creatures (others)
  Boris (Depths:4)
  2 liches (Vaults:5)
  A draconian monk (Zot:4)
  A deep elf demonologist (Vaults:3)
  A yellow draconian (Depths:5)
  A merfolk impaler (Shoals:4)
  An ice dragon (Depths:4)
  A merfolk aquamancer (Shoals:4)
  3 deep elf knights (Elf:1)
  A shadow wraith (Vaults:3)
  A deep elf mage (Elf:2)
  A merfolk (Shoals:3)
  A saltling (Desolation)
  A fire elemental (Elf:3)
  An orc priest (Orc:2)
  An orc (Depths:1)
  33 fungi
  106 plants
158 creatures vanquished.

Grand Total: 3031 creatures vanquished

Notes
Turn   | Place    | Note
-------+----------+-------------------------------------------
     0 | D:1      | SnubMonkey the Ghoul Fighter began the quest for the Orb.
     0 | D:1      | Reached XP level 1. HP: 19/19 MP: 0/0
    57 | D:1      | Reached XP level 2. HP: 25/26 MP: 1/1
   548 | D:1      | Reached XP level 3. HP: 31/31 MP: 2/2
  1042 | D:2      | Found a white marble altar of Elyvilon.
  1083 | D:2      | Reached XP level 4. HP: 38/38 MP: 3/3
  1391 | D:2      | Found a burning altar of Makhleb.
  1394 | D:2      | Became a worshipper of Makhleb the Destroyer
  1472 | D:2      | Found an opulent altar of Gozag.
  1519 | D:2      | Noticed Natasha
  1529 | D:2      | Killed Natasha
  1529 | D:2      | Reached XP level 5. HP: 45/45 MP: 4/4
  1558 | D:2      | Found a sparkling altar of Nemelex Xobeh.
  1643 | D:2      | Noticed Natasha
  1645 | D:2      | Killed Natasha
  1645 | D:2      | Reached skill level 1 in Invocations
  1773 | D:2      | Noticed Natasha
  1784 | D:2      | Killed Natasha
  1897 | D:3      | Noticed Robin
  1909 | D:3      | Reached XP level 6. HP: 40/51 MP: 6/6
  1915 | D:3      | Killed Robin
  1915 | D:3      | Reached * piety under Makhleb
  2009 | D:3      | Noticed Ijyb
  2018 | D:3      | Killed Ijyb
  2409 | D:4      | Reached skill level 5 in Axes
  2489 | D:4      | Reached XP level 7. HP: 49/57 MP: 7/7
  2970 | D:5      | Entered Level 5 of the Dungeon
  3234 | D:5      | Reached ** piety under Makhleb
  3265 | D:5      | Found a shadowy altar of Dithmenos.
  3361 | D:5      | Found a staircase to the Ecumenical Temple.
  3549 | D:6      | Noticed Maggie
  3560 | D:6      | Reached XP level 8. HP: 48/63 MP: 9/9
  3561 | D:6      | Killed Maggie
  3561 | D:6      | Reached skill level 5 in Shields
  3598 | D:6      | Found a broken altar of Ashenzari.
  3625 | D:6      | Noticed Blork the orc
  3634 | D:6      | Killed Blork the orc
  3732 | D:6      | Reached skill level 5 in Invocations
  3909 | D:6      | Found a shimmering altar of Xom.
  3910 | D:6      | Found a hazy altar of Hepliaklqana.
  3911 | D:6      | Noticed a spectral ugly thing
  4380 | D:7      | Reached XP level 9. HP: 70/70 MP: 10/12
  4501 | D:7      | Reached *** piety under Makhleb
  5138 | D:7      | Found a radiant altar of Vehumet.
  5284 | D:8      | Found a staircase to the Lair.
  5350 | D:8      | Found Xuomarat's Antique Armour Shop.
  5358 | D:8      | Bought an embroidered cloak for 180 gold pieces
  5554 | D:8      | Noticed a troll
  5565 | D:8      | Killed a troll
  5574 | D:8      | Reached XP level 10. HP: 54/77 MP: 14/14
  5754 | D:8      | Noticed a two-headed ogre
  5765 | D:8      | Killed a two-headed ogre
  5818 | D:8      | Noticed Klosterheim's ghost (novice NaIE)
  5827 | D:8      | Found a transporter.
  5831 | D:8      | Found a transporter.
  5921 | D:8      | Found a sacrificial altar of Ru.
  5921 | D:8      | Found an ornate altar of the Wu Jian Council.
  5922 | D:8      | Found a hide-covered altar of Uskayaw.
  6256 | D:9      | Found Ogullir's Jewellery Boutique.
  6261 | D:9      | Reached **** piety under Makhleb
  6407 | D:9      | Reached skill level 10 in Axes
  6534 | D:9      | Found a stormy altar of Qazlal.
  6535 | D:9      | Found a white marble altar of Elyvilon.
  6535 | D:9      | Noticed a deep troll
  6536 | D:9      | Noticed a harpy
  6594 | D:9      | Killed a deep troll
  6594 | D:9      | Reached skill level 4 in Fighting
  6599 | D:9      | Killed a harpy
  6815 | D:9      | Found a shimmering blue altar of Sif Muna.
  7035 | D:10     | Entered Level 10 of the Dungeon
  7077 | D:10     | Reached XP level 11. HP: 71/85 MP: 15/15
  7088 | D:10     | Noticed a manticore
  7098 | D:10     | Killed a manticore
  7098 | D:10     | Reached skill level 5 in Fighting
  7307 | D:10     | Reached ***** piety under Makhleb
  7721 | Lair:1   | Entered Level 1 of the Lair of Beasts
  7854 | Lair:1   | Reached skill level 6 in Fighting
  7854 | Lair:1   | Reached skill level 5 in Armour
  8389 | Lair:1   | Reached XP level 12. HP: 96/96 MP: 16/16
  8389 | Lair:1   | Noticed Erica
  8409 | Lair:1   | Killed Erica
  8519 | D:8      | Bought a spiked tower shield for 228 gold pieces
  8529 | D:8      | Identified the +0 tower shield "Bom Duir" {MP+9} (You
                  | bought it in a shop on level 8 of the Dungeon)
  8931 | Lair:2   | Found a staircase to the Shoals.
  9343 | Lair:2   | Noticed a six-headed hydra
  9364 | Lair:2   | Killed a six-headed hydra
  9766 | Lair:2   | Found a staircase to the Snake Pit.
 10316 | Lair:2   | Reached skill level 10 in Shields
 10353 | Lair:2   | Noticed a four-headed hydra
 10375 | Lair:2   | Killed a four-headed hydra
 10512 | Lair:2   | Identified a scroll of acquirement
 10512 | Lair:2   | Acquired a manual of Shields
 10677 | Lair:3   | You fall into a shaft and drop 2 floors!
 10736 | Lair:4   | Found a dark tunnel.
 10767 | Volcano  | Entered a volcano
 11236 | Volcano  | Reached XP level 13. HP: 95/102 MP: 17/17
 11648 | Lair:3   | Found a transporter.
 11651 | Lair:3   | Noticed a white very ugly thing
 11654 | Lair:3   | Noticed emiel's ghost (journeyman SpCj)
 11660 | Lair:3   | Found a one-way gate to the infinite horrors of the Abyss.
 11683 | Lair:3   | Found a transporter.
 12208 | Lair:3   | Noticed Rupert
 12219 | Lair:3   | Killed Rupert
 13180 | Lair:5   | Noticed Kirke
 13183 | Lair:5   | Noticed a sphinx
 13323 | Lair:4   | Killed Kirke
 13323 | Lair:4   | Reached skill level 7 in Fighting
 13492 | Lair:5   | Found a burning altar of Makhleb.
 14245 | Lair:6   | Entered Level 6 of the Lair of Beasts
 14340 | Lair:6   | Reached skill level 15 in Axes
 14406 | Lair:6   | Reached skill level 8 in Fighting
 14434 | Lair:6   | Found a staircase to the Slime Pits.
 14534 | Lair:6   | Reached XP level 14. HP: 112/115 MP: 18/18
 14766 | Lair:6   | Reached ****** piety under Makhleb
 15092 | Lair:6   | Identified the cursed +0 scale mail of Fashionability
                  | {-Tele +Fly rF+++ rN+} (You found it on level 6 of the Lair
                  | of Beasts)
 16079 | D:11     | Identified the cursed +2 trident of Radicalism {vorpal,
                  | rPois rF+}
 16259 | D:11     | Reached skill level 9 in Fighting
 16383 | D:11     | Found a staircase to the Orcish Mines.
 16605 | D:11     | Found a frozen archway.
 16632 | IceCv    | Entered an ice cave
 16910 | IceCv    | Got a warped trident
 17107 | IceCv    | Got a shimmering rapier
 17648 | D:11     | Found a shadowy altar of Dithmenos.
 17768 | D:12     | Found Poaguox's Armour Shoppe.
 17785 | D:12     | Identified the cursed +0 trident of a Hundred Servitors
                  | {vorpal, Fragile rPois rN+ Dex+2} (You found it in an ice
                  | cave)
 17822 | D:12     | Found a gate leading to a gauntlet.
 17828 | Gauntlet | Entered a Gauntlet
 17828 | Gauntlet | Found a transporter.
 17828 | Gauntlet | Found a transporter.
 17832 | Gauntlet | Found a transporter.
 17833 | Gauntlet | Found a transporter.
 17842 | Gauntlet | Found a transporter.
 17846 | Gauntlet | Found a transporter.
 17858 | Gauntlet | Found a transporter.
 17943 | Gauntlet | Found a transporter.
 17947 | Gauntlet | Found a transporter.
 17957 | Gauntlet | Found a transporter.
 17961 | Gauntlet | Found a transporter.
 17972 | Gauntlet | Found a transporter.
 18214 | Gauntlet | Got a distressingly furry cloak
 18236 | Gauntlet | Identified the +0 cloak of Olim {rC++} (You found it in a
                  | Gauntlet)
 18274 | Gauntlet | Reached XP level 15. HP: 95/126 MP: 19/19
 18327 | Gauntlet | Got a scorched hunting sling
 18391 | D:12     | Identified the +4 hunting sling of Oozing Pus {flame,
                  | Fragile Dex+6} (You found it in a Gauntlet)
 18927 | D:13     | Got a faintly glowing golden ring
 18930 | D:13     | Identified the ring of Ocetiu Suhu {rN+ Int+6 Dex+2 SInv
                  | Stlth+} (You found it on level 13 of the Dungeon)
 18984 | D:13     | Noticed Maurice
 18995 | D:13     | Killed Maurice
 19117 | D:13     | Reached skill level 10 in Fighting
 19857 | D:13     | Noticed Snorg
 19884 | D:13     | Killed Snorg
 20061 | D:14     | Found a gate to the Vaults.
 20261 | D:14     | Got a crystal whip
 20344 | D:14     | Identified the +8 whip of Tenutocs {vorpal, Str+3} (You
                  | found it on level 14 of the Dungeon)
 21264 | D:14     | Found a basalt altar of Yredelemnul.
 21284 | D:14     | Reached skill level 11 in Fighting
 21954 | Orc:1    | Entered Level 1 of the Orcish Mines
 22182 | Orc:2    | Entered Level 2 of the Orcish Mines
 22193 | Orc:2    | Found Xumeush's Magic Scroll Shoppe.
 22194 | Orc:2    | Found Neikheoj's General Store.
 22215 | Orc:1    | Reached XP level 16. HP: 73/137 MP: 20/20
 22406 | Orc:1    | Reached skill level 15 in Shields
 22837 | Orc:1    | Found a burning altar of Makhleb.
 23158 | Orc:2    | Found Fouteing's Assorted Antiques.
 23199 | Orc:2    | Found Gumuxen's Antique Weapon Shop.
 23597 | Orc:2    | Found a staircase to the Elven Halls.
 24239 | Orc:2    | Bought a scroll of acquirement for 624 gold pieces
 24239 | Orc:2    | Acquired 1023 gold pieces
 24241 | Orc:2    | Bought a scroll of brand weapon for 240 gold pieces
 24485 | Orc:2    | Bought a scroll of brand weapon for 240 gold pieces
 24485 | Orc:2    | Bought 2 scrolls of magic mapping for 84 gold pieces
 24621 | D:8      | Bought shiny gold dragon scales for 1992 gold pieces
 24672 | D:9      | Bought the ring of the Final Towns {rElec rN+ MP-9 Str+6}
                  | for 332 gold pieces
 24733 | Snake:1  | Entered Level 1 of the Snake Pit
 24792 | Snake:1  | Reached skill level 10 in Armour
 25777 | Snake:1  | Reached skill level 12 in Fighting
 25809 | Snake:2  | Found an ornate altar of the Wu Jian Council.
 25809 | Snake:2  | Noticed a nagaraja
 26098 | Snake:2  | Reached XP level 17. HP: 146/146 MP: 15/21
 26798 | Snake:3  | Reached skill level 1 in Dodging
 27902 | Snake:4  | Entered Level 4 of the Snake Pit
 27905 | Snake:4  | Noticed Roxanne
 27926 | Snake:4  | Noticed Donald
 27951 | Snake:4  | Killed Donald
 28083 | Snake:4  | Reached skill level 13 in Fighting
 28550 | Snake:4  | Reached XP level 18. HP: 158/158 MP: 22/22
 28591 | Snake:4  | Reached skill level 5 in Dodging
 28680 | Snake:4  | Got a serpentine rune of Zot
 29061 | Orc:2    | Bought a shiny jade ring for 130 gold pieces
 29233 | Shoals:1 | Entered Level 1 of the Shoals
 30056 | Shoals:2 | Reached skill level 14 in Fighting
 30297 | Shoals:2 | Found Ruofos's Jewellery Shoppe.
 30305 | Shoals:2 | Bought an uncursed ring of protection from magic for 450
                  | gold pieces
 31251 | Shoals:3 | Noticed Polyphemus
 31285 | Shoals:3 | Killed Polyphemus
 31353 | Shoals:3 | Noticed Nikola
 31400 | Shoals:3 | Killed Nikola
 31608 | Shoals:3 | Got an ancient turquoise ring
 31609 | Shoals:3 | Identified the ring "Nuetajupp" {+Fly rElec rPois EV+4}
                  | (You found it on level 3 of the Shoals)
 32073 | Shoals:4 | Entered Level 4 of the Shoals
 32162 | Shoals:4 | Reached skill level 15 in Fighting
 32212 | Shoals:4 | Got a barnacled rune of Zot
 32252 | Shoals:4 | Reached XP level 19. HP: 168/170 MP: 23/23
 32563 | Shoals:4 | Identified the ring of Juily {+Fly rC++ Str-5 Dex+6}
 33158 | Shoals:4 | Identified Dereifro's Compendium of Flames
 33556 | Vaults:1 | Entered Level 1 of the Vaults
 33918 | Vaults:1 | Identified the cursed +1 broad axe of Pulykh {antimagic,
                  | rElec rC++} (You found it on level 1 of the Vaults)
 34274 | Vaults:1 | Reached skill level 16 in Fighting
 34856 | Vaults:1 | Found Giawk's Assorted Antiques.
 35157 | Vaults:2 | Reached XP level 20. HP: 182/182 MP: 24/24
 35203 | Vaults:2 | Noticed a Brimstone Fiend
 35554 | Vaults:2 | Found a staircase to the Crypt.
 36038 | Vaults:2 | Reached skill level 17 in Fighting
 36707 | Vaults:3 | Reached skill level 15 in Armour
 37449 | Vaults:1 | Bought 2 potions of cancellation for 432 gold pieces
 37732 | Vaults:3 | Reached XP level 21. HP: 192/192 MP: 26/26
 38302 | Vaults:4 | Found Beomaabu's Weapon Shoppe.
 38357 | Vaults:4 | Identified the Collected Works on Cold
 39262 | Orc:2    | Bought a potion of curing for 39 gold pieces
 39267 | Orc:2    | Bought a potion of curing for 78 gold pieces
 39467 | D:8      | Killed Klosterheim's ghost
 39468 | D:8      | Reached skill level 18 in Fighting
 39667 | Lair:3   | Killed emiel's ghost
 39927 | Elf:1    | Entered Level 1 of the Elven Halls
 40038 | Elf:1    | Reached skill level 10 in Invocations
 40057 | Elf:1    | Found Reoteg's Jewellery Shoppe.
 40065 | Elf:1    | Bought an uncursed ring of protection from magic for 425
                  | gold pieces
 40100 | Elf:1    | Found Lonaopuk's General Store.
 40102 | Elf:1    | Found Ydaegh's Magic Scroll Shop.
 40246 | Elf:1    | Bought a scroll of blinking for 120 gold pieces
 41174 | Elf:2    | Found a ruined gateway.
 41209 | Desolati | Entered the Desolation of Salt
 41515 | Desolati | Reached XP level 22. HP: 198/203 MP: 29/29
 41637 | Desolati | Identified the Grimoire of Venomous Summoning
 41640 | Desolati | Identified the +1 chain mail of Mirth {Harm Slay+3} (You
                  | found it in the Desolation of Salt)
 41774 | Desolati | Identified the Volume of Shifting Enchantment
 42218 | Desolati | Identified the Guide on the Entourage and Conjuration
 43006 | Elf:2    | Found a huge runed translucent gate.
 43006 | Elf:2    | Found a huge runed translucent gate.
 43006 | Elf:2    | Found a huge runed translucent gate.
 43006 | Elf:2    | Found a huge runed translucent gate.
 43006 | Elf:2    | Found a huge runed translucent gate.
 43703 | Elf:3    | Entered Level 3 of the Elven Halls
 43816 | Elf:3    | Reached skill level 19 in Fighting
 44768 | Elf:3    | Identified the cursed +2 rapier of Destiny {venom, +Rage
                  | Int+2 Dex+4}
 44811 | Elf:3    | Identified the +1 robe of Tenacity {rN+ Dex+2}
 44826 | Elf:3    | Identified the ring "Mougun" {rF+ rN+ AC+4 Slay+3}
 44869 | Elf:3    | Reached XP level 23. HP: 209/213 MP: 31/31
 44881 | Elf:3    | Identified the +3 glaive "Cecsa" {venom, rN+ Stlth+}
 44947 | Elf:3    | Identified the +6 great sword of Orayps {venom, Dex+2}
 45013 | Elf:3    | Identified the ring of Cyiveet {rElec rPois rF- Stlth+}
 45206 | Elf:3    | Identified the ring of Metais {rElec MP+9}
 45494 | D:15     | Entered Level 15 of the Dungeon
 45628 | D:15     | Found a staircase to the Depths.
 46369 | Depths:1 | Entered Level 1 of the Depths
 46421 | Depths:1 | Found a runed translucent door.
 46601 | Depths:1 | Found a gateway to Hell.
 46786 | Depths:1 | Found a one-way gate leading to the halls of Pandemonium.
 46858 | Depths:1 | Reached skill level 20 in Fighting
 47040 | Depths:1 | Found Bolumuh's Armour Boutique.
 47047 | Depths:1 | Found Lober's General Store.
 47059 | Depths:1 | Bought the cursed +0 pair of boots of Zin's Inspiration
                  | {Dex+4} for 219 gold pieces
 47202 | Depths:1 | Found a roughly hewn altar of Beogh.
 47473 | Depths:2 | Got a wavering amber ring
 47476 | Depths:2 | Identified the cursed ring "Litz" {MP-9 EV-4 Dex+6} (You
                  | found it on level 2 of the Depths)
 47492 | Depths:2 | Noticed a juggernaut
 47524 | Depths:2 | Killed a juggernaut
 47524 | Depths:2 | Reached XP level 24. HP: 224/224 MP: 32/32
 47622 | Depths:2 | Found a gateway to a ziggurat.
 47647 | Depths:2 | Noticed Sojobo
 47663 | Depths:2 | Killed Sojobo
 47742 | Depths:2 | Found Puochig's Gadget Shoppe.
 47742 | Depths:2 | Found a transporter.
 47861 | Depths:2 | Found Nicvot's Assorted Antiques.
 47873 | Depths:2 | Bought a potion of curing for 147 gold pieces
 47993 | Depths:2 | Got a scintillating lapis lazuli ring
 47994 | Depths:2 | Identified the cursed ring "Dyulov" {rC+ AC-4 Str+3} (You
                  | found it on level 2 of the Depths)
 48160 | Depths:2 | Got a steaming lapis lazuli ring
 48161 | Depths:2 | Identified the ring of Irat {rC++ Int+6 Dex+6} (You found
                  | it on level 2 of the Depths)
 48191 | Depths:2 | Found a transporter.
 48397 | Depths:3 | Reached skill level 15 in Invocations
 48455 | Depths:3 | Found an iron altar of Okawaru.
 48455 | Depths:3 | Found a glowing golden altar of the Shining One.
 48455 | Depths:3 | Found a broken altar of Ashenzari.
 48455 | Depths:3 | Found a shimmering altar of Xom.
 48631 | Depths:3 | Reached skill level 21 in Fighting
 48843 | Depths:3 | Noticed Agnes
 48844 | Depths:3 | Noticed Frederick
 48852 | Depths:3 | Killed Agnes
 48865 | Depths:3 | Killed Frederick
 48886 | Depths:3 | Reached XP level 25. HP: 188/235 MP: 33/33
 49096 | Depths:3 | Found a portal to a secret trove of treasure.
 49381 | Depths:3 | You paid a toll of 13 scrolls of teleportation to enter a
                  | treasure trove
 49382 | Trove    | Entered a treasure trove
 49386 | Trove    | Found the brooch of Shielding {Spirit SH+8}
 49391 | Trove    | Got a smoking jade ring
 49393 | Trove    | Got a pitted steel amulet
 49403 | Trove    | Got a bound ruby amulet
 49409 | Trove    | Got a vibrating marble ring
 49411 | Trove    | Got a vibrating copper ring
 49441 | Depths:3 | Identified the amulet "Sexadgh" {Inacc rElec rPois MR++
                  | MP+9 Int-5} (You found it in a treasure trove)
 49443 | Depths:3 | Identified the amulet of Xurop {Spirit rPois rC+ Str+2
                  | Dex-5} (You found it in a treasure trove)
 49445 | Depths:3 | Identified the ring of Butchery {+Fly rPois rF+ AC+4} (You
                  | found it in a treasure trove)
 49447 | Depths:3 | Identified the ring of Ijurydom {Fire Str-4 Int+6} (You
                  | found it in a treasure trove)
 49449 | Depths:3 | Identified the ring "Boreomas" {rPois MR+ AC+4 Dex-5} (You
                  | found it in a treasure trove)
 49626 | Depths:4 | Noticed Boris
 49647 | Depths:4 | Killed Boris
 49818 | Depths:4 | Noticed the Enchantress
 49885 | Depths:4 | Killed the Enchantress
 50150 | Depths:4 | Identified Easy Spellweaving
 50796 | Depths:5 | Entered Level 5 of the Depths
 50988 | Depths:5 | Reached skill level 22 in Fighting
 51248 | Depths:5 | Reached XP level 26. HP: 246/246 MP: 33/33
 51328 | Depths:5 | Found a gate to the Realm of Zot.
 51733 | Crypt:1  | Entered Level 1 of the Crypt
 52068 | Crypt:1  | Noticed Aizul
 52095 | Crypt:1  | Killed Aizul
 52847 | Crypt:2  | Noticed a greater mummy
 52850 | Crypt:2  | Noticed Khufu
 52857 | Crypt:2  | Noticed Boris
 52872 | Crypt:2  | Killed a greater mummy
 52903 | Crypt:2  | Killed Boris
 52907 | Crypt:2  | Killed Khufu
 53525 | Crypt:3  | Entered Level 3 of the Crypt
 53526 | Crypt:3  | Noticed Boris
 53555 | Crypt:3  | Killed Boris
 53694 | Crypt:3  | Found an ancient bone altar of Kikubaaqudgha.
 53832 | Crypt:3  | Got a smoking iron ring
 53832 | Crypt:3  | Got a twitching golden ring
 53832 | Crypt:3  | Got a sparkling iron ring
 53843 | Crypt:3  | Identified the ring of the Spinneret {*Contam rC+ rN+
                  | Dex+4} (You found it on level 3 of the Crypt)
 53844 | Crypt:3  | Identified the ring "Jepujal" {rN+ Int+5} (You found it on
                  | level 3 of the Crypt)
 53845 | Crypt:3  | Identified the ring "Ywoj" {*Drain rElec rPois rF+++ rN+}
                  | (You found it on level 3 of the Crypt)
 53981 | Crypt:3  | Reached XP level 27. HP: 256/256 MP: 33/33
 54275 | Crypt:3  | Acquired 1185 gold pieces
 54304 | Crypt:3  | Reached skill level 23 in Fighting
 54355 | Crypt:3  | Found a staircase to the Tomb.
 54356 | Crypt:3  | Noticed Jory
 54373 | Crypt:3  | Killed Jory
 54521 | Crypt:3  | Identified the Tome of Dusty Feathers
 55537 | Vaults:5 | Entered Level 5 of the Vaults
 55537 | Vaults:5 | Noticed an ancient lich
 55543 | Vaults:5 | Reached skill level 10 in Dodging
 55550 | Vaults:5 | Killed an ancient lich
 55770 | Vaults:5 | Reached skill level 24 in Fighting
 55771 | Vaults:5 | Noticed Boris
 55803 | Vaults:5 | Killed Boris
 56316 | Vaults:5 | Got a silver rune of Zot
 57196 | Slime:1  | Entered Level 1 of the Pits of Slime
 57434 | Slime:5  | Entered Level 5 of the Pits of Slime
 57450 | Slime:5  | Noticed the Royal Jelly
 57619 | Slime:5  | Paralysed by a floating eye for 4 turns
 57952 | Slime:5  | Paralysed by a floating eye for 2 turns
 58026 | Slime:5  | Killed the Royal Jelly
 58026 | Slime:5  | Reached skill level 25 in Fighting
 58203 | Slime:5  | Found the +3 sling "Punk" {acid, rCorr}
 58216 | Slime:5  | Got a slimy rune of Zot
 58217 | Slime:5  | Identified the Collected Works on Toxins
 58241 | Slime:5  | Got a heavily runed iron ring
 58317 | Slime:5  | Identified Zaikkimm's Volume of Fetching Intoxication
 58543 | D:8      | Identified the ring "Aviubbiu" {Wiz MR+ SInv} (You found it
                  | on level 5 of the Pits of Slime)
 59553 | Zot:1    | Entered Level 1 of the Realm of Zot
 59772 | Zot:1    | Identified the +4 dragonskin cloak
 59772 | Zot:1    | Noticed Tiamat
 59857 | Zot:1    | Killed Tiamat
 61955 | Zot:4    | Reached skill level 26 in Fighting
 62409 | Zot:5    | Entered Level 5 of the Realm of Zot
 62920 | Zot:5    | Noticed an ancient lich
 62922 | Zot:5    | Noticed an orb of fire
 62925 | Zot:5    | Noticed an orb of fire
 62933 | Zot:5    | Noticed an orb of fire
 62937 | Zot:5    | Noticed an ancient lich
 62940 | Zot:5    | Noticed an ancient lich
 62968 | Zot:5    | Killed an orb of fire
 62979 | Zot:5    | Killed an ancient lich
 63034 | Zot:5    | Killed an orb of fire
 63034 | Zot:5    | Reached skill level 5 in Evocations
 63051 | Zot:5    | Killed an orb of fire
 63065 | Zot:5    | Killed an ancient lich
 63066 | Zot:5    | Noticed an ancient lich
 63081 | Zot:5    | Killed an ancient lich
 63088 | Zot:5    | Killed an ancient lich
 63097 | Zot:5    | Noticed an ancient lich
 63118 | Zot:5    | Killed an ancient lich
 63122 | Zot:5    | Noticed an ancient lich
 63135 | Zot:5    | Killed an ancient lich
 63135 | Zot:5    | Reached skill level 27 in Fighting
 63758 | Zot:5    | Got the Orb of Zot
 63850 | Zot:3    | Noticed Ygren the pandemonium lord
 64013 | Depths:1 | Noticed Kufecau the pandemonium lord
 64419 | D:$      | Escaped with the Orb!

Illustrated notes

Levels and vault maps discovered:
D:1:      minmay_arrival_checkered_box, layout_basic
D:2:      layout_basic, elyvilon_altar_3, old_standard_altar,
          lemuel_doored_altar, minmay_fountain_box, hex_large,
          nicolae_gozag_cash_rules_everything_around_me, uniq_natasha
D:3:      layout_rooms, uniq_robin, uniq_ijyb
D:4:      layout_basic
D:5:      layout_rooms, grunt_dithmenos_shadows, temple_hall, fountainhead
D:6:      layout_cave_pods, regret_index_temple_of_mockery,
          ashenzari_conservatory_becter, small_statue_intersection, uniq_maggie,
          uniq_blork_the_orc
D:7:      layout_rooms, kennysheep_mini, minmay_fire_ice_demons
D:8:      layout_gridville, chequers_temple_overflow_statue_of_worship,
          lair_entry_dummy, serial_shops, nicolae_shop_crystal,
          gammafunk_ghost_hive, palyth_stone_intersect
D:9:      layout_cave_pools, kennysheep_mini_moat, serial_shops, shop,
          jmf_multi_god_temple
D:10:     layout_big_octagon, serial_bayou_pond_d
D:11:     layout_loops_corners, orc_0_dummy, portal_ice_cave_rime,
          grunt_ogre_cave, david_defended_altar_elf
D:12:     layout_small_grid, gauntlet_entry_generic, serial_shops, shop
D:13:     layout_irregular_city, grunt_ministairs_5, uniq_maurice, uniq_snorg
D:14:     fort_yaktaur, layout_small_grid, lightli_vaults_fourway_checkpoint,
          lemuel_mausoleum_altar_yredelemnul
D:15:     hangedman_depths_entry_try_elsewhere_first, layout_layer_cave
Lair:1:   layout_misc_corridors, grunt_megastairs_3, serial_bayou_shore_b,
          infiniplex_staircase_pool, uniq_erica
Lair:2:   cheibrodos_lair_river_kwai, layout_layer_cave, shoals_dummy_entry,
          minmay_snake_entry_guardpost_small
Lair:3:   layout_cave_shapes, gammafunk_ghost_abyssal_escape, uniq_rupert
Lair:4:   layout_regular_city, enter_volcano_2, serial_bayou_shore_a,
          grunt_megastairs_1
Lair:5:   layout_cave_pods, basic_altar, uniq_kirke
Lair:6:   minmay_lair_end_enchanted_forest, layout_cave_shapes,
          dpeg_slime_entry_corner
Shoals:1: layout_shoals
Shoals:2: layout_shoals, serial_shops, shop, nicolae_shoals_mertower
Shoals:3: layout_shoals, nicolae_shoals_drake_roost, uniq_polyphemus,
          uniq_nikola
Shoals:4: shoals_end_grunt_ice, layout_shoals
Snake:1:  layout_chambers, st_stairs_6
Snake:2:  layout_onion_interference, basic_altar
Snake:3:  layout_chambers, corexii_hall_statues_t
Snake:4:  minmay_snake_end_coiled, layout_rooms, ebering_ghost_inner_flame,
          uniq_roxanne, uniq_donald
Slime:1:  layout_caves
Slime:2:  layout_caves
Slime:3:  layout_caves, nicolae_slime_phagocytosis, uniq_dissolution
Slime:4:  layout_caves
Slime:5
Orc:1:    layout_caves, basic_altar
Orc:2:    st_orc_open, layout_caves, nicolae_orc_lava_room
Elf:1:    layout_gridlike, serial_shops, shop, minmay_elf_crystal_hexagon,
          minmay_shoptagon
Elf:2:    layout_loops_cross, portal_desolation_entry_twin_temple,
          dk_noncrumbling_2, minivault_26
Elf:3:    nooodl_elf_gasket, layout_loops_corners
Vaults:1: kb_rosetta, v_pattern_4, ontoclasm_vaults_fault,
          nicolae_vaults_little_ls, hangedman_vaults_corner,
          ontoclasm_vaults_spin, nicolae_vaults_little_squares_3,
          nicolae_vaults_ninety_degrees, layout_vaults_big_cross, serial_shops,
          shop
Vaults:2: vaults_standard_mumra_lines, nicolae_vaults_rhombus_6, st_lines,
          vaults_room_large_hall, nicolae_vaults_network_star,
          hangedman_vaults_unwind, serial_ice_b, vaults_room_pools,
          minmay_crypt_entry_simple_sparse, nicolae_vaults_network_square,
          v_misc_27, vaults_dpeg_ring, layout_vaults_ring
Vaults:3: nicolae_vaults_little_squares_1, vaults_dpeg_diagonal,
          hangedman_vaults_stream, vaults_standard_mumra_x, v_misc_28,
          nicolae_vaults_rhombus_5, vaults_room_corners, grunt_vaults_focal,
          vaults_room_stairs_pillars, layout_vaults_omnigrid
Vaults:4: st_octagons_2, ontoclasm_vaults_hangar, vaults_room_fours, v_misc_23,
          v_misc_22, nicolae_vaults_yaktaur_gun_rack, vaults_dpeg_encased_lava,
          ontoclasm_vaults_bender, nicolae_vaults_three_branches,
          vaults_room_door_hall, ontoclasm_vaults_decontamination,
          layout_vaults_big_room, serial_shops, nicolae_shop_statue_plus
Vaults:5
Crypt:1:  layout_catacombs, uniq_aizul
Crypt:2:  layout_catacombs, uniq_khufu
Crypt:3:  grunt_crypt_end_deaths_head
Depths:1: layout_forbidden_donut, pan_entry, abyss_entry_small_statue_room,
          hell_entry, minmay_misc_feat_roman, lightli_church_of_beogh,
          minmay_shop_star, kennysheep_random_hallway
Depths:2: hangedman_spin_cycle, hell_entry
Depths:3: minmay_the_grid_octo_triangle [minmay_the_grid_octo_shrine,
          minmay_the_grid_octo_prize_ultimate_mussel_roller,
          minmay_the_grid_octo_pinwheel], layout_honeycomb,
          nicolae_trove_entry_crystal, kennysheep_decorative_pillar,
          grunt_pan_entry_in_and_out, hell_entry,
          hangedman_abyss_or_decor_slice, sword_in_stone
Depths:4: kennysheep_blocky_hall, layout_honeycomb, abyss_entry, hell_entry,
          serial_bayou_ford_a, skrybe_limestone_x, lemuel_flamethrower_3,
          uniq_enchantress, uniq_margery, uniq_boris
Depths:5: grunt_zot_entry_alcove, layout_cave_pools, pf_coc_iceberg
Zot:1:    layout_onion_interference, uniq_tiamat
Zot:2:    layout_twisted_circle
Zot:3:    layout_misc_corridors
Zot:4:    layout_basic
Zot:5:    layout_basic, grunt_ministairs_4

Skill      XL: |  1  2  3  4  5  6  7  8  9 10 11 12 13 14 15 16 17 18 19 20 21 22 23 24 25 26 27 |
---------------+----------------------------------------------------------------------------------+-----
Axes           | 2 3 4 5 6 7 9 10 12 14 15 16 17 18 | 18.0
Shields        | 3 4 5 6 7 9 11 12 13 14 15 16 17 18 19 20 21 22 25 | 25.0
Invocations    | 1 2 3 5 7 8 10 12 14 15 | 15.0
Armour         | 4 5 6 8 9 10 11 13 14 15 16 17 18 19 20 23 | 23.9
Fighting       | 4 6 8 9 11 12 13 15 16 17 18 19 20 21 22 27 | 27.0
Dodging        | 4 5 6 9 12 | 12.0
Evocations     | 8 |  8.6

Action                   |  1- 3 |  4- 6 |  7- 9 | 10-12 | 13-15 | 16-18 | 19-21 | 22-24 | 25-27 || total
-------------------------+-------+-------+-------+-------+-------+-------+-------+-------+-------++-------
Melee: War axe           |   117 |   167 |   416 |   941 |  1126 |       |       |       |       ||  2767
       Flail             |       |       |       |    19 |       |       |       |       |       ||    19
       Demon trident     |       |       |       |       |    26 |       |       |       |       ||    26
       Broad axe         |       |       |       |       |   747 |  1824 |  2027 |  1503 |  3046 ||  9147
Throw: Throwing net      |       |     1 |       |       |       |       |       |       |       ||     1
Invok: Lesser Servant of |       |       |       |     6 |     5 |       |       |       |       ||    11
       Major Destruction |       |       |       |     1 |       |       |       |       |       ||     1
Evoke: Wand              |       |     4 |    11 |     6 |     5 |     8 |       |       |     1 ||    35
       Condenser vane    |       |       |       |     2 |     4 |     4 |     3 |     3 |    12 ||    28
       Tin of tremorston |       |       |       |       |       |       |     1 |     3 |     1 ||     5
  Use: Potion            |     2 |     1 |       |     7 |     8 |     6 |     3 |       |    14 ||    41
       Scroll            |       |     5 |    15 |     6 |    13 |    18 |     6 |    17 |    27 ||   107
 Stab: Paralysed         |       |     8 |    13 |     6 |       |       |       |       |     1 ||    28
       Confused          |       |       |       |     9 |     4 |       |     5 |       |    11 ||    29
       Distracted        |       |       |       |     1 |       |       |     1 |       |       ||     2
       Invisible         |       |       |       |       |     4 |       |     3 |       |       ||     7
       Petrified         |       |       |       |       |       |    13 |       |       |       ||    13
       Petrifying        |       |       |       |       |       |     3 |       |       |       ||     3
Armor: Scale mail        |    70 |    52 |       |       |       |       |       |       |       ||   122
       Acid dragon scale |       |    16 |   104 |       |       |       |       |       |       ||   120
       Plate armour      |       |       |    95 |   522 |     3 |       |       |       |       ||   620
       Chain mail        |       |       |       |       |   549 |   109 |       |       |       ||   658
       Gold dragon scale |       |       |       |       |       |   789 |   897 |   549 |  1481 ||  3716
Dodge: Dodged            |    44 |    60 |   124 |   161 |   399 |   474 |   396 |   245 |   712 ||  2615
Block: Kite shield       |    73 |    86 |   227 |   372 |       |       |       |       |       ||   758
       Tower shield      |       |       |       |   275 |  1666 |  2104 |  2015 |  1544 |  3852 || 11456
       Reflection        |       |       |       |       |       |       |    63 |   103 |       ||   166

Table legend: (Time is in decaauts)
 A = Elapsed time spent in this place.
 B = Non-inter-level travel time spent in this place.
 C = Inter-level travel time spent in this place.
 D = Time resting spent in this place.
 E = Time spent auto-exploring this place.
 F = Levels seen in this place.
 G = Mean time per level.
                   A        B        C        D        E       F      G
               +--------+--------+--------+--------+--------+-----+--------+
         Total |  62736 |  54056 |   8680 |   5488 |  30920 |  62 | 1011.9 |
       Dungeon |  17396 |  13255 |   4141 |   1520 |   7371 |  15 | 1159.7 |
          Lair |   7817 |   6866 |    951 |    818 |   4321 |   6 | 1302.8 |
        Shoals |   4225 |   4096 |    129 |    574 |   2101 |   4 | 1056.2 |
     Snake Pit |   3959 |   3781 |    178 |     68 |   2687 |   4 |  989.8 |
    Slime Pits |   1143 |   1089 |     54 |    582 |      2 |   5 |  228.6 |
  Orcish Mines |   2286 |   1769 |    517 |    465 |    876 |   2 | 1143.0 |
   Elven Halls |   3843 |   3476 |    367 |    244 |   2000 |   3 | 1281.0 |
        Vaults |   6810 |   5959 |    851 |    113 |   4026 |   5 | 1362.0 |
         Crypt |   2721 |   2494 |    227 |     72 |   1581 |   3 |  907.0 |
        Depths |   5657 |   4615 |   1042 |    320 |   2549 |   5 | 1131.4 |
           Zot |   3962 |   3743 |    219 |    206 |   2391 |   5 |  792.4 |
         Trove |     40 |     40 |      0 |      0 |      0 |   1 |   40.0 |
      Ice Cave |    485 |    485 |      0 |    101 |    124 |   1 |  485.0 |
       Volcano |    810 |    810 |      0 |    152 |    283 |   1 |  810.0 |
    Desolation |   1023 |   1023 |      0 |    216 |    387 |   1 | 1023.0 |
      Gauntlet |    550 |    550 |      0 |     37 |    218 |   1 |  550.0 |
               +--------+--------+--------+--------+--------+-----+--------+

Top non-repeatable levels by time:
    D:14: 2017 daAuts
    D:10: 1966 daAuts
    D:11: 1914 daAuts
  Lair:2: 1864 daAuts
     D:8: 1787 daAuts
Vaults:2: 1611 daAuts
  Lair:6: 1533 daAuts
   Elf:3: 1510 daAuts
Vaults:1: 1501 daAuts
Vaults:3: 1471 daAuts
Depths:3: 1363 daAuts
   Elf:2: 1294 daAuts
Depths:1: 1257 daAuts
Depths:4: 1255 daAuts
    D:12: 1248 daAuts
